 Dungeon Crawl Stone Soup version 0.20.1-1-g8b1a95d66d (webtiles) character file.

177 Peloso the Shield-Bearer (level 5, -1/36 HPs)
             Began as a Halfling Fighter on Dec 8, 2017.
             Killed from afar by an orc wizard (7 damage)
             ... with a magic dart
             ... on level 3 of the Dungeon.
             The game lasted 00:05:36 (2091 turns).

Peloso the Shield-Bearer (Halfling Fighter)         Turns: 2091, Time: 00:05:36

Health: -1/36      AC: 15    Str: 18    XL:     5   Next: 87%
Magic:  0/5        EV:  5    Int:  6    God:
Gold:   68         SH: 10    Dex: 14    Spells: 4/4 levels left

rFire    . . .     SeeInvis .   a - +0 long sword
rCold    . . .     Gourm    .   c - +0 shield
rNeg     . . .     Faith    .   b - +0 plate armour
rPois    .         Spirit   +   j - +0 helmet
rElec    .         Reflect  .   p - +0 cloak (curse)
rCorr    .         Harm     .   e - +0 pair of gloves
MR       .....                  (no boots)
Stlth    ..........             n - amulet of guardian spirit
Regen    0.2/turn               (no ring)
MPRegen  0.1/turn               (no ring)

@: lethally poisoned (-1 -> -26)
A: mutation resistance 1
a: no special abilities


You were on level 3 of the Dungeon.
You were hungry.

You visited 1 branch of the dungeon, and saw 3 of its levels.

You collected 68 gold pieces.

Inventory:

Hand Weapons
 a - a +0 long sword (weapon)
 h - a +1 dagger of flaming
Armour
 b - a +0 plate armour (worn)
 c - a +0 shield (worn)
 e - a +0 pair of gloves (worn)
 j - a +0 helmet (worn)
 p - a cursed +0 cloak (worn)
Jewellery
 n - an amulet of guardian spirit (around neck)
Scrolls
 l - a scroll of remove curse {unknown}
 m - 3 scrolls of identify
Potions
 d - 2 potions of might
 k - 2 potions of brilliance {unknown}
Comestibles
 f - 2 bread rations
 g - a royal jelly
 i - 2 meat rations


   Skills:
 + Level 2.9 Fighting
 + Level 4.0 Long Blades
 + Level 4.1 Armour
 + Level 1.2 Dodging
 + Level 4.2 Shields


You had 4 spell levels left.
You didn't know any spells.

Dungeon Overview and Level Annotations

Branches:
Dungeon (3/15)

Altars:
Dithmenos
Gozag
Trog
The Shining One


Innate Abilities, Weirdness & Mutations

You are small and have problems with some larger weapons.
You are somewhat resistant to further mutation.


Message History

You are more poisoned.
The orc wizard completely misses you.
You riposte.
You hit the orc wizard but do no damage.
The orc wizard is almost dead.
You block the giant cockroach's attack.
You hit the orc wizard.
The orc wizard is almost dead.
* * * LOW HITPOINT WARNING * * *
You feel very sick.
The giant cockroach bites you but does no damage.
You block the orc wizard's attack.
Unknown command.
Your plate armour prevents you from hitting the orc wizard.
The orc wizard is almost dead.
* * * LOW HITPOINT WARNING * * *
You feel very sick.
The giant cockroach bites you but does no damage.
The orc wizard gestures at you while chanting.
The magic dart hits you!
You die...

..o.##.............)..#.
###.#o...##.##.........#.
#....K.((.(.##.....###...
#.#...##.#####.#.#.# #...
#.. #o..#...#.#.###... #.
#r#.#.###.#....... #.
#o#... #.#####... .. #o#
### #....#+ . #@# #.##.#
#s# #. #.# ..# # #. ##..
#.# #.. #.# ..#


You could see an orc wizard, 2 orcs, a giant cockroach and a rat.

Vanquished Creatures
  Crazy Yiuf (D:2)
  An orc wizard (D:3)
  Robin (D:2)
  2 adders (D:2)
  2 oozes (D:2)
  2 worms
  A dart slug (D:1)
  4 leopard geckos
  6 orcs
  6 bats
  2 giant cockroaches (D:1)
  9 goblins
  7 hobgoblins
  4 jackals
  4 frilled lizards (D:2)
  5 kobolds
  10 rats
67 creatures vanquished.

Notes
Turn   | Place    | Note
-------+----------+-------------------------------------------
     0 | D:1      | Peloso the Halfling Fighter began the quest for the Orb.
     0 | D:1      | Reached XP level 1. HP: 15/15 MP: 1/1
   132 | D:1      | Gained mutation: You expend magic power (3 MP) to strengthen your wands. [potion of mutation]
   133 | D:1      | Lost mutation: You expend magic power (3 MP) to strengthen your wands. [potion of mutation]
   232 | D:1      | Reached XP level 2. HP: 14/20 MP: 2/2
   579 | D:1      | Reached XP level 3. HP: 10/25 MP: 3/3
   855 | D:2      | Noticed Robin
   898 | D:2      | Killed Robin
   900 | D:2      | Reached XP level 4. HP: 21/30 MP: 4/4
   905 | D:2      | Found a faded altar of an unknown god.
  1580 | D:2      | Found a bloodstained altar of Trog.
  1593 | D:2      | Reached XP level 5. HP: 36/36 MP: 5/5
  1699 | D:2      | Found a runed door.
  1703 | D:2      | Noticed Crazy Yiuf
  1718 | D:2      | Killed Crazy Yiuf
  1946 | D:3      | Found a glowing golden altar of the Shining One.
  1946 | D:3      | Found an opulent altar of Gozag.
  1946 | D:3      | Found a shadowy altar of Dithmenos.
  1999 | D:3      | Reached skill level 1 in Dodging
  2091 | D:3      | Killed from afar by an orc wizard

Skill      XL: |  1  2  3  4  5 |
---------------+----------------+-----
Long Blades    | 3 4 |  4.0
Shields        | 4 |  4.2
Armour         | 4 |  4.1
Dodging        | 1 |  1.2
Fighting       | |  2.9

Action                   |  1- 3 |  4- 6 || total
-------------------------+-------+-------++-------
Melee: Long sword        |   114 |   174 ||   288
  Use: Potion            |     2 |       ||     2
       Scroll            |       |     1 ||     1
  Eat: Chunk             |       |     4 ||     4
Armor: Scale mail        |    48 |    50 ||    98
       Plate armour      |       |    52 ||    52
Dodge: Dodged            |    53 |    74 ||   127
Block: Shield            |    65 |   135 ||   200
       Rpst.: Long sword |    23 |    25 ||    48
